 Dungeon Crawl Stone Soup version 0.30-a0-1016-gfb0d676c02 (webtiles) character file.

Game seed: 15466675184954621822

4350 senseless the Fighter (level 10, -3/90 HPs)
             Began as a Minotaur Fighter on Apr 6, 2023.
             Was an Elder of Uskayaw.
             Slain by a yak (10 damage)
             ... on level 7 of the Dungeon.
             The game lasted 00:21:42 (7277 turns).

senseless the Fighter (Minotaur Fighter)            Turns: 7277, Time: 00:21:43

Health: -3/90      AC: 18    Str: 29    XL:     10   Next: 12%
Magic:  12/12      EV:  8    Int:  4    God:    Uskayaw [****..]
Gold:   150        SH:  5    Dex:  9    Spells: 14/14 levels left

rFire   + . .      SeeInvis .    B - +2 hand axe (elec)
rCold   . . .      Faith    .    c - +0 buckler
rNeg    . . .      Spirit   .    m - +0 plate armour
rPois   .          Reflect  .    (helmet restricted)
rElec   .          Rampage  .    y - +2 cloak
rCorr   .                        (no gloves)
Will    .....                    h - +0 pair of boots Stlth
                                 A - amulet of the acrobat
HPRegen 0.35/turn                n - ring of fire
MPRegen 0.13/turn                g - ring of protection from cold

@: slowed, very slow
A: horns 2, retaliatory headbutt, strong 1
a: Renounce Religion, Stomp, Line Pass


You were on level 7 of the Dungeon.
You worshipped Uskayaw.
Uskayaw was noncommittal.
You visited 2 branches of the dungeon, and saw 9 of its levels.

You collected 459 gold pieces.
You spent 309 gold pieces at shops.

Inventory:

Hand Weapons
 a - a +0 vampiric war axe
 p - a +6 club
 B - a +2 hand axe of electrocution (weapon)
Armour
 c - a +0 buckler (worn)
 h - a +0 pair of boots (worn)
 m - a +0 plate armour (worn)
 y - a +2 cloak (worn)
Jewellery
 g - a ring of protection from cold (right hand)
 n - a ring of fire (left hand)
 A - an amulet of the acrobat (around neck)
Wands
 z - a wand of acid (1)
Scrolls
 b - a scroll of identify
 f - 2 scrolls of amnesia
 j - 3 scrolls of fog
 s - a scroll of teleportation
 t - 3 scrolls of fear
Potions
 d - 4 potions of might
 e - 2 potions of brilliance
 i - 2 potions of haste
 k - a potion of flight
 l - 2 potions of curing
 o - 2 potions of cancellation
 q - 2 potions of attraction
 r - a potion of degeneration
 u - 2 potions of heal wounds
 v - 3 potions of magic
 w - 2 potions of lignification
 x - a potion of ambrosia


   Skills:
 * Level 8.6 Fighting
 * Level 8.1 Axes
 * Level 8.5 Armour
 + Level 4.2 Dodging
 * Level 8.6 Shields
 + Level 2.5 Spellcasting
 + Level 2.8 Summonings


You had 14 spell levels left.
You didn't know any spells.
Your spell library contained the following spells:

 Spells                   Type           Power      Damage    Failure   Level
 Summon Small Mammal      Summ           8%         N/A       82%         1
 Freeze                   Ice            0%         1d3       99%         1
 Necrotise                Necr           0%         1d4       99%         1
 Sandblast                Erth           0%         2d4       99%         1
 Shock                    Conj/Air       0%         1d3       99%         1
 Call Canine Familiar     Summ           2%         N/A       99%         3
 Passwall                 Tmut/Erth      0%         N/A       100%        2
 Frozen Ramparts          Ice            0%         1d1       100%        3
 Hailstorm                Conj/Ice       0%         3d3       100%        3
 Stone Arrow              Conj/Erth      0%         3d7       100%        3
 Summon Guardian Golem    Hex/Summ       1%         N/A       100%        3
 Swiftness                Air            0%         N/A       100%        3
 Vampiric Draining        Necr           0%         2d6       100%        3
 Airstrike                Air            0%         2d(0-16)  100%        4
 Agony                    Necr           0%         N/A       100%        5


Dungeon Overview and Level Annotations

Branches:
Dungeon (8/15)             Temple (1/1) D:4
   Lair: D:8-11

Altars:
Ashenzari
Dithmenos
Elyvilon
Fedhas
Gozag
Kikubaaqudgha
Makhleb
Okawaru
Qazlal
Sif Muna
Trog
Uskayaw
Vehumet
Wu Jian
Yredelemnul
Zin

Shops:
D:6 *   D:7 *

Annotations:
D:3 3 runed translucent doors, funkygono's ghost, amateur MiFi; rigao's ghost, amateur MfTm
D:4 2 transporters, Anon1729's ghost, amateur MiMo
D:7 3 runed translucent doors, xight's ghost, novice DEFE


Innate Abilities, Weirdness & Mutations

You have a pair of horns on your head.
You reflexively headbutt those who attack you in melee.
Your muscles are strong. (Str +4, Int/Dex -1)


Message History

You hit the yak but do no damage.
You feel very sick.
The yak is no longer sharing its pain.
The gnoll is no longer paralysed. x2
The kobold is no longer paralysed. x6
The kobold is no longer sharing its pain.
The kobold is no longer paralysed.
The yak gores you!
The yak gores you but does no damage. x3; The yak gores you.
The yak gores you but does no damage. x2; The yak gores you.
You are too injured to fight recklessly!
You are too injured to fight recklessly!
Unknown command.
You are too injured to fight recklessly!
You feel sick.
The yak is no longer sharing its pain. x3
The gnoll is no longer sharing its pain. x2
The kobold brigand is no longer sharing its pain.
The kobold is no longer sharing its pain. x6
The yak gores you but does no damage. The kobold hits you but does no damage.
The kobold brigand closely misses you. You furiously retaliate!
You headbutt the kobold brigand. The yak gores you! x2
* * * LOW HITPOINT WARNING * * *
You block the yak's attack.
You climb upwards.
Level annotation: 3 runed translucent doors, xight's ghost, novice DEFE You feel sick.
There is a stone staircase leading down here.
You are too injured to fight recklessly!
You feel better. You block the kobold's attack.
The yak gores you but does no damage. The yak gores you.
* * * LOW HITPOINT WARNING * * *
The yak gores you.
* * * LOW HITPOINT WARNING * * *
The kobold brigand hits you but does no damage.
The yak gores you but does no damage. The yak gores you.
* * * LOW HITPOINT WARNING * * *
The yak gores you!
* * * LOW HITPOINT WARNING * * *
The kobold brigand hits you with a +0 short sword.
* * * LOW HITPOINT WARNING * * *
You block the kobold's attack. The yak closely misses you. The yak gores you!
You die...

..........###......#### #..###
........###.).####...### ##..##
......###...###..###~..### #..#.
.....##..).##......##....## ##...
....##.~..##..####..##..≈.###....
....#...~##..##..##..##~...#..###
....#~......##≈..≈##..#...~####
....#.~≈.#8.#..##K.#.8#.≈~.#
....#...~#..#≈.Y@Y≈#..#≈...###
....#^..~#^.#≈.KYY≈#..#~.....##
....#.≈~.#8.#..##..#.8#.~~.#..###
))..#~...#..##≈..≈##..#...~#.....
))..#..)≈##..##...#.^##~...#...[.
....##.≈.5##..####..##..~.##.....
#....##....##.......#....##......
#.....###..~###..###~..#######.[.
#.......###...####...###..####...


You could see 4 yaks, a kobold brigand and a kobold.

Vanquished Creatures
  A two-headed ogre (D:7)
  An ugly thing (D:7)
  A yak (D:8)
  3 orc warriors (D:7)
  3 ice beasts
  2 black bears
  2 ogres (D:6)
  A centaur (D:6)
  6 phantoms
  2 bullfrogs (D:7)
  A kobold brigand (D:7)
  A water moccasin zombie (D:5)
  2 scorpions (D:7)
  9 wights
  A killer bee (D:7)
  2 howler monkeys (D:5)
  A centaur zombie (D:5)
  3 hounds
  5 orc priests
  Jessica (D:2)
  2 iguanas
  Terence (D:2)
  5 orc wizards
  2 sleepcaps
  9 gnolls
  7 adders
  A shadow imp (D:6)
  A white imp (D:7)
  3 ufetubi
  2 worms
  31 orcs
  2 ball pythons
  10 bats
  9 endoplasms
  A giant cockroach (D:1)
  7 goblins
  5 hobgoblins
  19 kobolds
  A quokka (D:3)
  4 frilled lizards
  5 rats
175 creatures vanquished.

Vanquished Creatures (others)
  5 demonic plants (D:2)
  4 fungi (D:2)
  4 plants (D:2)
  3 withered plants (D:2)
16 creatures vanquished.

Grand Total: 191 creatures vanquished

Notes
Turn   | Place    | Note
-------+----------+-------------------------------------------
     0 | D:1      | senseless the Minotaur Fighter began the quest for the Orb.
     0 | D:1      | Reached XP level 1. HP: 19/19 MP: 0/0
   130 | D:1      | Reached XP level 2. HP: 27/27 MP: 1/1
   806 | D:2      | Reached XP level 3. HP: 26/33 MP: 2/2
  1146 | D:2      | Reached XP level 4. HP: 12/40 MP: 3/3
  1324 | D:2      | Noticed Terence
  1332 | D:2      | Killed Terence
  1354 | D:2      | Noticed Jessica
  1374 | D:2      | Killed Jessica
  1419 | D:2      | Found a faded altar of an unknown god.
  1735 | D:3      | Reached XP level 5. HP: 47/47 MP: 4/4
  1808 | D:3      | Found a runed translucent gate.
  1811 | D:3      | Found a runed translucent gate.
  1811 | D:3      | Found a runed translucent gate.
  1811 | D:3      | Noticed funkygono's ghost (amateur MiFi)
  1811 | D:3      | Noticed rigao's ghost (amateur MfTm)
  2582 | D:4      | Found a staircase to the Ecumenical Temple.
  2607 | D:4      | Found a large runed translucent door.
  2621 | Temple   | Entered the Ecumenical Temple
  2668 | Temple   | Became a worshipper of Uskayaw the Reveller
  2712 | D:4      | Reached * piety under Uskayaw
  2726 | D:4      | Noticed a phantom
  2730 | D:4      | Reached ** piety under Uskayaw
  2732 | D:4      | Killed a phantom
  2733 | D:4      | Reached skill level 5 in Fighting
  2733 | D:4      | Reached skill level 5 in Armour
  2733 | D:4      | Reached skill level 5 in Shields
  2761 | D:4      | Found a large runed translucent door.
  2786 | D:4      | Reached XP level 6. HP: 55/56 MP: 5/5
  2792 | D:4      | Reached *** piety under Uskayaw
  2947 | D:4      | Found a transporter.
  2948 | D:4      | Noticed Anon1729's ghost (amateur MiMo)
  2949 | D:4      | Found a transporter.
  2950 | D:4      | Identified the +3 great mace "Tumoat" {freeze, rF- Dex+3
                  | Stlth+}
  3272 | D:4      | Found a radiant altar of Vehumet.
  3313 | D:4      | Found an opulent altar of Gozag.
  3364 | D:5      | Entered Level 5 of the Dungeon
  3700 | D:5      | Reached skill level 1 in Dodging
  3766 | D:5      | Reached **** piety under Uskayaw
  3767 | D:5      | Reached XP level 7. HP: 54/61 MP: 5/7
  3853 | D:5      | Reached skill level 1 in Summonings
  3958 | D:5      | Reached skill level 5 in Axes
  3958 | D:5      | Reached skill level 1 in Spellcasting
  4337 | D:5      | Found a basalt altar of Yredelemnul.
  4454 | D:6      | Found Yvvoit's General Store.
  4476 | D:6      | Reached XP level 8. HP: 30/67 MP: 8/8
  4830 | D:6      | Bought a scroll of teleportation for 45 gold pieces
  4830 | D:6      | Bought a scroll of identify for 30 gold pieces
  5229 | D:6      | Found a shadowy altar of Dithmenos.
  5534 | D:7      | Noticed a two-headed ogre
  5546 | D:7      | Killed a two-headed ogre
  5547 | D:7      | Reached XP level 9. HP: 41/79 MP: 9/11
  5549 | D:7      | Noticed a cyan ugly thing
  5780 | D:7      | Found a runed translucent gate.
  5910 | D:7      | Found a white marble altar of Elyvilon.
  6093 | D:7      | Killed a cyan ugly thing
  6281 | D:7      | Found a runed translucent gate.
  6281 | D:7      | Found a runed translucent gate.
  6285 | D:7      | Noticed xight's ghost (novice DEFE)
  6334 | D:7      | Reached ***** piety under Uskayaw
  6439 | D:7      | Found Buoxuk's General Store.
  6447 | D:7      | Bought a +2 hand axe of electrocution for 234 gold pieces
  6475 | D:7      | Reached XP level 10. HP: 69/90 MP: 12/12
  6637 | D:7      | Gained mutation: Your muscles are strong. (Str +4, Int/Dex
                  | -1) [potion of mutation]
  7277 | D:7      | Slain by a yak

Illustrated notes

Levels and vault maps discovered:
D:1:      wheals_arrival_linesprint, layout_basic, minmay_pentomino_u2
D:2:      layout_basic, shapermc_ecumenical_altar_gd, uniq_jessica, uniq_terence
D:3:      layout_loops_ring, gammafunk_ghost_cemetery
D:4:      layout_loops_ring, jmf_multi_god_temple2,
          minmay_temple_entry_stoned_glass, gammafunk_ghost_smash,
          dk_vineyard_2, hangedman_decor_peaks_small
D:5:      layout_basic, lemuel_zombie_altar_yredelemnul
D:6:      layout_basic, mainiacjoe_overflow_paths, serial_shops, shop
D:7:      layout_layer_cave, mainiacjoe_overflow_catwalk, serial_shops,
          nicolae_shop_hallway_stairs, biasface_ghost_orc_armoury,
          nzn_random_ring
D:8:      layout_loops_corners
Temple:   nicolae_temple_superstar

Skill      XL: |  1  2  3  4  5  6  7  8  9 10 |
---------------+-------------------------------+-----
Fighting       | 4 5 6 7 8 |  8.6
Armour         | 4 5 6 7 8 |  8.5
Axes           | 3 4 5 6 7 8 |  8.1
Shields        | 4 5 6 7 8 |  8.6
Dodging        | 1 2 3 4 |  4.2
Summonings     | 1 2 |  2.8
Spellcasting   | 1 2 |  2.5

Action                     |  1- 3 |  4- 6 |  7- 9 | 10-12 || total
---------------------------+-------+-------+-------+-------++-------
  Melee: War axe           |    62 |   164 |   242 |       ||   468
         Headbutt          |     7 |    30 |    51 |     8 ||    96
         Hand axe          |       |       |    13 |    26 ||    39
  Evoke: Wand              |       |       |     2 |       ||     2
    Use: Scroll            |       |    13 |     4 |     4 ||    21
         Potion            |       |       |     1 |     2 ||     3
   Stab: Paralysed         |       |     1 |    11 |     7 ||    19
 Armour: Scale mail        |    26 |    79 |     9 |       ||   114
         Plate armour      |       |       |   159 |    30 ||   189
  Dodge: Dodged            |    33 |    67 |    79 |    17 ||   196
  Block: Buckler           |    18 |    33 |    85 |    15 ||   151

Table legend: (Time is in decaauts)
 A = Elapsed time spent in this place.
 B = Non-inter-level travel time spent in this place.
 C = Inter-level travel time spent in this place.
 D = Time resting spent in this place.
 E = Time spent auto-exploring this place.
 F = Levels seen in this place.
 G = Mean time per level.
                   A        B        C        D        E       F      G
               +--------+--------+--------+--------+--------+-----+--------+
         Total |   7415 |   6954 |    461 |    709 |   4920 |   9 |  823.9 |
       Dungeon |   7329 |   6905 |    424 |    709 |   4888 |   8 |  916.1 |
        Temple |     85 |     48 |     37 |      0 |     32 |   1 |   85.0 |
               +--------+--------+--------+--------+--------+-----+--------+

Top non-repeatable levels by time:
     D:7: 1619 daAuts
     D:5: 1104 daAuts
     D:6: 1093 daAuts
     D:4: 1048 daAuts
     D:2: 939 daAuts
     D:1: 810 daAuts
     D:3: 703 daAuts
  Temple: 85 daAuts
     D:8: 9 daAuts
